 Dungeon Crawl Stone Soup version 0.21.1-1-g345015f (webtiles) character file.

6 Monsterracer the Magician (level 1, 0/13 HPs)
             Began as a Demonspawn Wizard on Apr 14, 2018.
             Slain by a bat (1 damage)
             ... on level 1 of the Dungeon.
             The game lasted 00:01:24 (234 turns).

Monsterracer the Magician (Demonspawn Wizard)        Turns: 234, Time: 00:01:24

Health: 0/13       AC:  2    Str:  7    XL:     1   Next: 75%
Magic:  1/4        EV: 12    Int: 19    God:
Gold:   23         SH:  0    Dex: 11    Spells: 5/6 levels left

rFire    . . .     SeeInvis .   (no weapon)
rCold    . . .     Gourm    .   (no shield)
rNeg     . . .     Faith    .   a - +0 robe
rPois    .         Spirit   .   b - +0 hat
rElec    .         Reflect  .   (no cloak)
rCorr    .         Harm     .   (no gloves)
MR       .....                  (no boots)
Stlth    ++........             (no amulet)
HPRegen  0.04/turn              (no ring)
MPRegen  0.09/turn              (no ring)

@: no status effects
A: no striking features
a: no special abilities


You were on level 1 of the Dungeon.
You were not hungry.

You visited 1 branch of the dungeon, and saw 1 of its levels.

You collected 23 gold pieces.

Inventory:

Armour
 a - a +0 robe (worn)
 b - a +0 hat (worn)
Scrolls
 e - a scroll of enchant armour {unknown}
Books
 d - a book of Minor Magic

   Spells                             Type                      Level
   a - Magic Dart                     Conjuration                  1
   b - Blink                          Translocation                2
   c - Call Imp                       Summoning                    2
   d - Slow                           Hexes                        2
   e - Conjure Flame                  Conjuration/Fire             3
   f - Mephitic Cloud                 Conjuration/Poison/Air       3
Comestibles
 c - a ration


   Skills:
 - Level 1.7 Dodging
 - Level 1.7 Stealth
 - Level 3.0 Spellcasting
 + Level 1.9 Conjurations
   Level 1.0 Summonings
   Level 0.8 Translocations


You had 5 spell levels left.
You knew the following spells:

 Your Spells              Type           Power        Failure   Level  Hunger
a - Magic Dart            Conj           ##..         7%          1    None


Dungeon Overview and Level Annotations

Branches:
Dungeon (1/15)

Altars:


Message History

Confirm with . or Enter, or press ? or * to list all spells.
Aiming: Magic Dart
Press: ? - help, Shift-Dir - straight line, f/p - giant cockroach
Aim: a giant cockroach (clinging)
The magic dart hits the giant cockroach.
The giant cockroach is moderately wounded.
The giant cockroach bites you but does no damage.
You now have 0/4 mp.
Found a ring mail.
Found 20 stones.
Found 25 arrows.
A hobgoblin comes into view.
Found a stone staircase leading down.
The giant cockroach bites you but does no damage.
The hobgoblin shouts!
Casting: Magic Dart
Confirm with . or Enter, or press ? or * to list all spells.
Aiming: Magic Dart
Press: ? - help, Shift-Dir - straight line, f/p - giant cockroach
Aim: a giant cockroach (moderately wounded, clinging)
The magic dart hits the giant cockroach.
The giant cockroach is moderately wounded.
The giant cockroach barely misses you. x2
You now have 0/4 mp.
Your magical contamination has completely faded away.
The giant cockroach bites you.
You take 1 damage, and have 7/13 hp.
The giant cockroach barely misses you. The giant cockroach closely misses you.
The giant cockroach bites you but does no damage.
The giant cockroach closely misses you.
A bat comes into view.
Casting: Magic Dart
Confirm with . or Enter, or press ? or * to list all spells.
Aiming: Magic Dart
Press: ? - help, Shift-Dir - straight line, f/p - giant cockroach
Aim: a giant cockroach (clinging)
The magic dart hits the giant cockroach.
The giant cockroach is almost dead.
The giant cockroach bites you but does no damage.
You now have 1/4 mp.
Casting: Magic Dart
Confirm with . or Enter, or press ? or * to list all spells.
Aiming: Magic Dart
Press: ? - help, Shift-Dir - straight line, f/p - giant cockroach
Aim: a giant cockroach (almost dead, clinging)
The magic dart hits the giant cockroach.
You kill the giant cockroach!
You now have 0/4 mp.
The bat hits you but does no damage. x2
The bat hits you. The bat barely misses you. The bat closely misses you.
The bat hits you.
You take 1 damage, and have 7/13 hp.
The bat hits you.
* * * LOW HITPOINT WARNING * * *
You take 1 damage, and have 6/13 hp.
Casting: Magic Dart
Confirm with . or Enter, or press ? or * to list all spells.
Aiming: Magic Dart
Press: ? - help, Shift-Dir - straight line, f - bat
Aim: a bat The magic dart hits the bat.
You kill the bat!
You now have 0/4 mp.
The hobgoblin closely misses you.
Casting: Magic Dart
Confirm with . or Enter, or press ? or * to list all spells.
Aiming: Magic Dart
Press: ? - help, Shift-Dir - straight line, f - hobgoblin
Aim: a hobgoblin The magic dart hits the hobgoblin.
The hobgoblin is lightly wounded.
The hobgoblin hits you.
* * * LOW HITPOINT WARNING * * *
You take 4 damage, and have 2/13 hp.
MASSIVE DAMAGE!!
You now have 0/4 mp.
Casting: Magic Dart
Confirm with . or Enter, or press ? or * to list all spells.
Aiming: Magic Dart
Press: ? - help, Shift-Dir - straight line, f/p - hobgoblin
Aim: a hobgoblin The magic dart hits the hobgoblin.
You now have 0/4 mp.
A bat comes into view.
You closely miss the bat. The bat barely misses you. The hobgoblin hits you.
* * * LOW HITPOINT WARNING * * *
You take 1 damage, and have 2/13 hp.
A bat comes into view.
The bat completely misses you. The bat hits you but does no damage.
The bat barely misses you. The bat hits you.
* * * LOW HITPOINT WARNING * * *
You take 1 damage, and have 1/13 hp.
The bat closely misses you.
You see here a giant cockroach corpse.
The bat barely misses you. The bat hits you but does no damage.
The bat barely misses you. The bat hits you.
You die...

.# #.# #.# .# #.# #.# .#
#.#### #?# .#
#######.##.###.##### .#
#.........#.##.....#
.######.###....###..(....##.#
.#......# #.....#.###.......#
........# #......####.......#
##.##...# #....b@...........#
#.###.## #.##.#####.†......#
#†# #.# #.##g# #........# #.#
#.####.##.#####........#
##.###.##.........##........#
#...#..##†#.#.[....#.##.###.#
..(###..............>. ..##
#.##..#...(...#.# .##
#.##.###....b#(..


You could see a bat.

Vanquished Creatures
  2 giant cockroaches (D:1)
  A goblin (D:1)
  A jackal (D:1)
  A bat (D:1)
5 creatures vanquished.

Notes
Turn   | Place    | Note
-------+----------+-------------------------------------------
     0 | D:1      | Monsterracer the Demonspawn Wizard began the quest for the Orb.
     0 | D:1      | Reached XP level 1. HP: 13/13 MP: 4/4
   203 | D:1      | HP: 6/13 [bat (1)]
   217 | D:1      | HP: 2/13 [hobgoblin (4)]
   227 | D:1      | HP: 2/13 [hobgoblin (1)]
   234 | D:1      | Slain by a bat

Action                   || total
-------------------------++-------
Melee: Unarmed           ||     7
 Cast: Magic Dart        ||    16
Armor: Robe              ||    11
Dodge: Dodged            ||    18

Vault maps used:
D:1:      elethiomel_arrival_shortcut, minivault_11
